 Dungeon Crawl Stone Soup version 0.23-a0-151-gf6d1ed2 (webtiles) character file.

3457 Amnesiac the Chiller (level 9, 0/57 HPs)
             Began as a Mummy Ice Elementalist on Sept 8, 2018.
             Was a Believer of Vehumet.
             Killed from afar by an electric eel (5 damage)
             ... with a bolt of electricity
             ... on level 7 of the Dungeon.
             The game lasted 00:16:03 (8820 turns).

Amnesiac the Chiller (Mummy Ice Elementalist)       Turns: 8820, Time: 00:16:05

Health: 0/57       AC:  5    Str: 11    XL:     9   Next: 78%
Magic:  9/20       EV: 12    Int: 17    God:    Vehumet [**....]
Gold:   288        SH:  0    Dex: 13    Spells: 7/23 levels left

rFire    x . .     SeeInvis +   a - +0 hunting sling
rCold    + . .     Gourm    .   (no shield)
rNeg     + + +     Faith    .   c - +0 robe
rPois    ∞         Spirit   .   l - +1 hat
rElec    .         Reflect  .   f - scarf {repulsion}
rCorr    .         Harm     .   b - +0 pair of gloves
MR       +....                  r - +0 pair of boots
Stlth    ++........             e - amulet of magic regeneration
HPRegen  0.19/turn              u - ring of see invisible
MPRegen  0.42/turn              (no ring)

@: repel missiles
A: no food or potions, fire vulnerability, cold resistance 1, negative energy
resistance 3, torment resistance, unbreathing
a: Renounce Religion


You were on level 7 of the Dungeon.
You worshipped Vehumet.
Vehumet was pleased with you.
You were not hungry.

You visited 2 branches of the dungeon, and saw 8 of its levels.

You collected 288 gold pieces.

Inventory:

Hand Weapons
 a - a +0 hunting sling (weapon)
 k - a +0 hand crossbow
 m - a +0 quarterstaff of protection
Missiles
 h - 151 stones
 i - 22 sling bullets (quivered)
Armour
 b - a +0 pair of gloves (worn)
 c - a +0 robe (worn)
 f - a scarf of repulsion (worn)
 l - a +1 hat (worn)
 q - a scarf of spirit shield
 r - a +0 pair of boots (worn)
Jewellery
 e - an amulet of magic regeneration (around neck)
 u - a ring of see invisible (left hand)
Wands
 o - a wand of paralysis (3)
 s - a wand of random effects (20)
Scrolls
 d - 2 scrolls of enchant armour {!r, unknown}
 g - 5 scrolls of teleportation {!r}
 j - 3 scrolls of blinking {!r}
 n - 7 scrolls of identify {!r}
 p - 2 scrolls of amnesia {!r}
 t - a scroll of remove curse {!r}


   Skills:
 - Level 1.5 Dodging
 - Level 1.5 Stealth
 + Level 7.7 Spellcasting
 * Level 7.6 Conjurations
 * Level 7.7 Ice Magic


You had 7 spell levels left.
You knew the following spells:

 Your Spells              Type           Power        Failure   Level  Hunger
a - Throw Icicle          Conj/Ice       ####....     4%          4    N/A
d - Freeze                Ice            ####         1%          1    N/A
e - Mephitic Cloud        Conj/Pois/Air  ###.....     11%         3    N/A
s - Conjure Flame         Conj/Fire      ###.....     7%          3    N/A
v - Blink                 Tloc           N/A          16%         2    N/A
z - Ozocubu's Armour      Chrm/Ice       ###.....     7%          3    N/A

Your spell library contained the following spells:

 Spells                   Type           Power        Failure   Level  Hunger
 Flame Tongue             Conj/Fire      ###..        2%          1    N/A
 Magic Dart               Conj           ####         1%          1    N/A
 Throw Frost              Conj/Ice       ####..       1%          2    N/A
 Call Imp                 Summ           #.......     16%         2    N/A
 Slow                     Hex            #.......     16%         2    N/A
 Summon Ice Beast         Ice/Summ       ###.....     22%         4    N/A

Dungeon Overview and Level Annotations

Branches:
Dungeon (7/15)             Temple (1/1) D:7

Altars:
Ashenzari
Cheibriados
Elyvilon
Fedhas
Gozag
Hepliaklqana
Kikubaaqudgha
Makhleb
Nemelex Xobeh
Okawaru
Qazlal
Ru
Sif Muna
Trog
Uskayaw
Vehumet
Wu Jian
Xom
Yredelemnul
Zin
The Shining One


Innate Abilities, Weirdness & Mutations

You do not eat or drink.
Your flesh is vulnerable to fire.
You are immune to poison.
Your flesh is cold resistant. (rC+)
You are immune to negative energy. (rN+++)
You are immune to unholy pain and torment.
You can survive without breathing.


Message History

Things that are here:
a dagger; a robe
There is an open door here.
Key pressed, stopping explore.
As you open the large door, it creaks loudly!
An electric eel comes into view.
The electric eel shoots out a bolt of lightning at you!
The bolt of electricity hits you!
There is a large open door here.
Put on which piece of jewellery? (? for menu, Esc to quit)
Okay, then.
An electric eel comes into view.
The electric eel shoots out a bolt of lightning at you!
The bolt of electricity hits you!
Casting: Freeze (safe; 1% risk of failure)
Confirm with . or Enter, or press ? or * to list all spells.
You can't see any susceptible monsters within range! (Use Z to cast anyway.)
Casting: Freeze (safe; 1% risk of failure)
Confirm with . or Enter, or press ? or * to list all spells.
You can't see any susceptible monsters within range! (Use Z to cast anyway.)
Casting: Freeze (safe; 1% risk of failure)
Confirm with . or Enter, or press ? or * to list all spells.
You can't see any susceptible monsters within range! (Use Z to cast anyway.)
Casting: Freeze (safe; 1% risk of failure)
Confirm with . or Enter, or press ? or * to list all spells.
You can't see any susceptible monsters within range! (Use Z to cast anyway.)
The electric eel shoots out a bolt of lightning at you!
The bolt of electricity hits the electric eel.
The electric eel completely resists.
The bolt of electricity hits you!
* * * LOW HITPOINT WARNING * * *
Casting: Freeze (safe; 1% risk of failure)
Confirm with . or Enter, or press ? or * to list all spells.
Aiming: Throw Icicle (safe; 4% risk of failure)
Press: ? - help, Shift-Dir - straight line, f - electric eel
Aim: an electric eel The shard of ice misses the electric eel.
The electric eel shoots out a bolt of lightning at you!
The bolt of electricity hits you!
* * * LOW HITPOINT WARNING * * *
Casting: Throw Icicle (safe; 4% risk of failure)
Confirm with . or Enter, or press ? or * to list all spells.
Aiming: Throw Icicle (safe; 4% risk of failure)
Press: ? - help, Shift-Dir - straight line, f/p - electric eel
Aim: an electric eel The shard of ice hits the electric eel.
The electric eel is almost dead.
The electric eel shoots out a bolt of lightning at you!
The bolt of electricity hits the electric eel.
The electric eel completely resists.
The bolt of electricity hits you!
* * * LOW HITPOINT WARNING * * *
The electric eel shoots out a bolt of lightning at you!
The bolt of electricity hits you!
* * * LOW HITPOINT WARNING * * *
Casting: Throw Icicle (safe; 4% risk of failure)
Confirm with . or Enter, or press ? or * to list all spells.
Aiming: Throw Icicle (safe; 4% risk of failure)
Press: ? - help, Shift-Dir - straight line, f/p - electric eel
Aim: an electric eel (almost dead)
The shard of ice hits the electric eel.
You kill the electric eel!
Vehumet accepts your kill.
The electric eel shoots out a bolt of lightning at you!
The bolt of electricity hits you!
You die...

###....####...#≈..............≈#.
..........+...#≈.####...†####.≈#.
###....####...#≈.# #....# #.≈#(
#.#.## ##..#≈.# #!...# #.≈#.
#.#########.#≈.####....####.≈#)
#.# #.......#≈..............≈#.
#.# #.#####.'...............)(.
#.# #.# #.'................'.
#.###.#######≈@........!....≈##
#.........# #≈.####....####.≈#
#####.###.###≈.# #....# #.≈#
#.......#≈.# #....# #.≈#
#####.###≈.# #....# #.≈#
##.#.##;.. ...... ..≈#
##.###.#≈≈≈ #.## ######
##.###.#.#


You could see an electric eel.

Vanquished Creatures
  2 hippogriffs
  2 hungry ghosts (D:7)
  A water moccasin (D:6)
  An orc warrior (D:7)
  An ice beast (D:7)
  A phantom (D:4)
  6 ogres
  A centaur (D:7)
  3 bullfrogs
  3 scorpions
  3 howler monkeys
  5 wights
  An electric eel (D:7)
  A bullfrog zombie (D:7)
  A quasit (D:5)
  8 hounds
  A jelly (D:5)
  A centaur skeleton (D:5)
  2 bullfrog skeletons (D:5)
  2 orc priests (D:7)
  7 orc wizards
  Jessica (D:2)
  5 worker ants
  A hound skeleton (D:4)
  2 worker ant zombies
  12 gnolls
  7 adders
  3 shadow imps
  An adder skeleton (D:5)
  4 worms
  3 dart slugs
  2 leopard geckos
  22 orcs
  6 goblins
  4 hobgoblins
  7 jackals
  4 quokkas
  A ball python (D:3)
  8 bats
  6 frilled lizards
  5 kobolds
  12 rats
169 creatures vanquished.

Notes
Turn   | Place    | Note
-------+----------+-------------------------------------------
     0 | D:1      | Amnesiac the Mummy Ice Elementalist began the quest for the
                  | Orb.
     0 | D:1      | Reached XP level 1. HP: 13/13 MP: 4/4
   197 | D:1      | Reached XP level 2. HP: 18/19 MP: 1/5
   588 | D:1      | Found a glowing golden altar of the Shining One.
   753 | D:3      | Found a hazy altar of Hepliaklqana.
   772 | D:4      | Reached XP level 3. HP: 24/24 MP: 3/7
   777 | D:4      | Learned a level 3 spell: Ozocubu's Armour
   863 | D:4      | Noticed an ogre
   867 | D:4      | Found an ornate altar of the Wu Jian Council.
   872 | D:4      | Noticed a scorpion
  1515 | D:4      | Reached XP level 4. HP: 28/30 MP: 5/9
  1527 | D:4      | Learned a level 4 spell: Throw Icicle
  1570 | D:4      | Found a snail-covered altar of Cheibriados.
  1575 | D:4      | Noticed an ogre
  1581 | D:4      | Killed an ogre
  1581 | D:4      | Reached XP level 5. HP: 19/35 MP: 8/11
  1744 | D:4      | Reached XP level 6. HP: 32/41 MP: 6/12
  1977 | D:4      | Noticed a hippogriff
  1993 | D:4      | Killed a hippogriff
  1993 | D:4      | Reached XP level 7. HP: 31/46 MP: 0/13
  2283 | D:4      | Reached skill level 5 in Spellcasting
  2604 | D:5      | Entered Level 5 of the Dungeon
  2651 | D:5      | Learned a level 2 spell: Blink
  2655 | D:5      | Learned a level 3 spell: Mephitic Cloud
  2659 | D:5      | Learned a level 3 spell: Conjure Flame
  2726 | D:5      | Reached skill level 5 in Conjurations
  2739 | D:5      | Found a stormy altar of Qazlal.
  3031 | D:5      | Reached skill level 5 in Ice Magic
  3898 | D:6      | Reached XP level 8. HP: 52/52 MP: 2/15
  4340 | D:6      | Noticed a moth of wrath
  4343 | D:6      | Found a bloodstained altar of Trog.
  4582 | D:6      | Found a hide-covered altar of Uskayaw.
  5974 | D:7      | Reached XP level 9. HP: 10/57 MP: 3/18
  6641 | D:7      | Found a staircase to the Ecumenical Temple.
  6661 | Temple   | Entered the Ecumenical Temple
  7007 | D:2      | Found a radiant altar of Vehumet.
  7014 | D:2      | Became a worshipper of Vehumet
  7213 | D:2      | Noticed Jessica
  7215 | D:2      | Killed Jessica
  7489 | D:3      | Reached * piety under Vehumet
  7489 | D:3      | Offered knowledge of Sandblast by Vehumet.
  7964 | D:3      | Found a shimmering altar of Xom.
  8619 | D:7      | Offered knowledge of Flame Tongue by Vehumet.
  8731 | D:7      | Reached ** piety under Vehumet
  8820 | D:7      | Killed from afar by an electric eel

Vault maps used:
D:1:      minmay_arrival_five_plusses, tso_altar
D:2:      nicolae_overflow_crystal_walls, first_ration, uniq_jessica
D:3:      lemuel_coloured_pillars_altar, overflow_temple_1_default
D:4:      kennysheep_little_box, kennysheep_slug_shrine
D:5:      nicolae_qazlal_general_emergency
D:6:      overflow_temple_1_default, tgw_trog
D:7:      minmay_temple_entry_trees, kennysheep_dice
Temple:   regret_index_temple_waves

Skill      XL: |  1  2  3  4  5  6  7  8  9 |
---------------+----------------------------+-----
Ice Magic      | 3 4 5 6 7 |  7.7
Spellcasting   | 3 4 5 6 7 |  7.7
Conjurations   | 2 3 4 5 6 7 |  7.6
Dodging        | |  1.5
Stealth        | |  1.5

Action                   |  1- 3 |  4- 6 |  7- 9 || total
-------------------------+-------+-------+-------++-------
Melee: Unarmed           |     1 |       |       ||     1
 Fire: Hunting sling     |    10 |    30 |   258 ||   298
 Cast: Freeze            |    30 |    37 |   102 ||   169
       Throw Icicle      |       |     2 |   166 ||   168
       Conjure Flame     |       |       |     4 ||     4
  Use: Scroll            |       |       |     7 ||     7
Armor: Robe              |     9 |     9 |    79 ||    97
Dodge: Dodged            |    16 |    15 |   181 ||   212
       Deflected         |       |       |     2 ||     2

Table legend:
 A = Non-vault XP
 B = Vault XP
 C = Vault XP percentage of total XP
 D = Non-vault monster count
 E = Vault monster count
 F = Vault count percentage of total count
                 A         B        C        D         E       F
            +---------+---------+-------+---------+---------+-------
      Total |    4672 |     267 |   5.4 |     159 |      10 |   5.9
            +---------+---------+-------+---------+---------+-------
        D:1 |      14 |       0 |   0.0 |      11 |       0 |   0.0
        D:2 |      61 |      37 |  37.8 |      27 |       1 |   3.6
        D:3 |     314 |       0 |   0.0 |      26 |       0 |   0.0
        D:4 |     911 |       4 |   0.4 |      21 |       1 |   4.5
        D:5 |     462 |       0 |   0.0 |      19 |       0 |   0.0
        D:6 |     736 |       9 |   1.2 |      12 |       5 |  29.4
        D:7 |    2174 |     217 |   9.1 |      43 |       3 |   6.5
            +---------+---------+-------+---------+---------+-------
